AoeStats
← yuansen

Black Forest

508263590Analyzed
4v4 RM · 11d ago on Sep 21, 2026· 42m 17s· 8 players
Game mode
Random Map
Map size
Large (8 player)
Population
200
Speed
Normal
Resources
Standard
Victory
Conquest
Starting age
Dark Age
Ending age
Imperial Age
RankedLock teamsTeams togetherTeam positionsShared explorationLock speedFull tech treeHidden civsTurbo modeCheats
Victory
Defeat
🇿🇦 Aztecs · South Africa
932
+9
🇿🇦 Franks · South Africa
840
+13
🇩🇪 Khmer · Germany
825
+13
🇹🇼 Huns · Taiwan
805
+15
🇧🇷 Armenians · Brazil
787
-13
🇺🇸 Georgians · United States
776
-13
🇫🇷 Mongols · France
762
-12
🇵🇱 Teutons · Poland
756
-12
Point and Click
12:16 Feudal Age
12:42 Double-Bit Axe
12:39 Horse Collar
18:15 Fletching
18:27 Padded Archer Armor
18:33 Scale Barding Armor
24:06 Castle Age
24:44 Bodkin Arrow
25:25 Town Watch
27:32 Leather Archer Armor
27:30 Thumb Ring
27:34 Pikeman
28:15 Squires
33:40 Wheelbarrow
38:12 Imperial Age
39:57 Elite Mangudai
KRATOS25085670
14:17 Feudal Age
19:19 Castle Age
17:35 Double-Bit Axe
17:33 Horse Collar
17:45 Gold Mining
17:50 Stone Mining
21:59 Bow Saw
22:19 Loom
33:28 Imperial Age
34:25 Wheelbarrow
36:08 Hand Cart
36:19 Heavy Cavalry Archer
37:28 Parthian Tactics
37:32 Fletching
37:42 Padded Archer Armor
37:36 Town Watch
40:20 Chemistry
39:40 Ballistics
39:21 Bodkin Arrow
42:00 Bracer
42:16 Leather Archer Armor
Homer Van Gogh
1:03 Loom
13:00 Feudal Age
13:54 Double-Bit Axe
14:46 Wheelbarrow
13:54 Horse Collar
22:23 Castle Age
20:18 Gold Mining
20:19 Stone Mining
23:27 Hand Cart
23:14 Heavy Plow
23:02 Town Watch
25:06 Town Patrol
26:44 Fortified Wall
26:51 Masonry
30:29 Imperial Age
32:26 Crop Rotation
35:16 Bow Saw
37:42 Two-Man Saw
39:14 Stone Shaft Mining
40:47 Conscription
BeatNgu
0:34 Loom
11:00 Feudal Age
12:43 Wheelbarrow
12:38 Double-Bit Axe
13:50 Horse Collar
22:53 Castle Age
21:30 Stone Mining
21:43 Gold Mining
23:39 Heavy Plow
23:56 Bow Saw
25:23 Gold Shaft Mining
26:03 Hand Cart
25:35 Town Watch
32:29 Imperial Age
31:33 Pikeman
32:14 Squires
32:37 Capped Ram
32:42 Halberdier
33:29 Scale Mail Armor
33:19 Fletching
33:39 Forging
33:30 Padded Archer Armor
34:32 Conscription
33:58 Siege Ram
34:48 Bodkin Arrow
35:10 Chain Mail Armor
34:58 Padded Archer Armor
34:59 Arson
34:35 Man-at-Arms
35:01 Gambesons
36:38 Fereters
37:41 Ballistics
38:22 Chemistry
37:18 Elite Composite Bowman
38:52 Long Swordsman
41:30 Plate Mail Armor
41:35 Iron Casting
Örfdemadafaka
0:27 Loom
14:47 Feudal Age
15:35 Feudal Age
17:37 Horse Collar
20:42 Castle Age
19:05 Double-Bit Axe
20:13 Stone Mining
20:43 Forging
21:30 Bloodlines
21:59 Heavy Plow
27:53 Gold Mining
29:47 Wheelbarrow
28:57 Town Watch
32:38 Scale Barding Armor
33:30 Caravan
34:00 Hand Cart
34:01 Man-at-Arms
34:58 Town Patrol
36:39 Bow Saw
36:58 Long Swordsman
36:59 Pikeman
38:19 Iron Casting
40:45 Imperial Age
yuansen
12:28 Feudal Age
16:33 Castle Age
14:48 Double-Bit Axe
15:07 Horse Collar
20:00 Loom
20:32 Bow Saw
21:26 Wheelbarrow
21:14 Heavy Plow
23:40 Gold Mining
23:44 Stone Mining
25:19 Hand Cart
28:18 Husbandry
28:29 Bloodlines
28:26 Scale Barding Armor
28:32 Forging
30:01 Marauders
34:39 Imperial Age
35:48 Chain Barding Armor
36:03 Iron Casting
36:32 Elite Tarkan
37:49 Plate Barding Armor
37:46 Caravan
39:10 Gold Shaft Mining
39:58 Blast Furnace
Root
12:31 Feudal Age
14:22 Wheelbarrow
13:37 Town Watch
19:07 Castle Age
17:40 Double-Bit Axe
17:51 Stone Mining
17:52 Gold Mining
20:42 Bow Saw
23:01 Gold Shaft Mining
24:22 Caravan
31:03 Scale Mail Armor
31:13 Forging
35:05 Imperial Age
32:54 Hand Cart
33:42 Iron Casting
33:23 Chain Mail Armor
33:36 #83
36:51 Blast Furnace
36:22 Plate Mail Armor
36:37 Elite Throwing Axeman
41:08 Squires
40:54 Arson
Ny9t
10:34 Feudal Age
14:30 Castle Age
12:34 Double-Bit Axe
13:06 Horse Collar
16:03 Wheelbarrow
21:35 Loom
21:56 Stone Mining
23:38 Scale Mail Armor
24:04 Hand Cart
24:46 Fervor
25:27 Squires
25:46 Chain Mail Armor
26:09 Eagle Warrior
27:30 Bow Saw
27:41 Arson
28:03 Atlatl
28:08 Gold Mining
28:42 Heavy Plow
29:10 Devotion
29:53 Town Watch
31:31 Town Patrol
31:26 Fletching
31:37 Padded Archer Armor
31:48 Forging
31:41 Elite Skirmisher
36:06 Imperial Age
34:12 Ballistics
35:07 Sanctity
35:07 Caravan
36:52 Iron Casting
36:13 Bodkin Arrow
36:33 Leather Archer Armor
37:38 Crop Rotation
37:46 Gold Shaft Mining
37:47 Stone Shaft Mining
37:57 Conscription
37:59 Garland Wars
37:02 Elite Jaguar Warrior
38:44 Stone Shaft Mining
37:34 Elite Eagle Warrior
37:37 Pikeman
39:55 Plate Mail Armor
40:26 Blast Furnace
40:31 Elite Jaguar Warrior
41:43 Bracer
43:04 Chemistry
Connection lost

Rejoining the realm…

Still unreachable

The connection could not be restored.

Session expired

The server has moved on; the page needs a fresh start.